 Dungeon Crawl Stone Soup version 0.27-a0-67-g4bfc8a49e1 (webtiles) character file.

Game seed: 17850284857245178343

63 timneilson the Shield-Bearer (level 4, -5/28 HPs)
             Began as a Gargoyle Fighter on Jan 10, 2021.
             Killed by divine providence
             ... invoked by an orc priest
              (8 damage)
             ... on level 2 of the Dungeon.
             The game lasted 00:01:33 (1303 turns).

timneilson the Shield-Bearer (Gargoyle Fighter)     Turns: 1303, Time: 00:01:34

Health: -5/28      AC: 10    Str: 21    XL:     4   Next: 9%
Magic:  4/4        EV:  7    Int:  8    God:
Gold:   136        SH:  9    Dex:  9    Spells: 3/3 levels left

rFire    . . .     SeeInvis .   a - +1 long sword
rCold    . . .     Faith    .   c - +0 kite shield
rNeg     + . .     Spirit   .   b - +0 scale mail
rPois    ∞         Reflect  .   (no helmet)
rElec    +         Harm     .   (no cloak)
rCorr    .         Rampage  .   (no gloves)
Will     .....                  (no boots)
Stlth    ..........             (no amulet)
HPRegen  0.09/turn              (no ring)
MPRegen  0.09/turn              (no ring)

@: mighty
A: negative energy resistance 1, electricity resistance, unbreathing,
petrification resistance, miasma immunity, AC +3
a: no special abilities


You were on level 2 of the Dungeon.
You visited 1 branch of the dungeon, and saw 2 of its levels.

You collected 136 gold pieces.

Inventory:

Hand Weapons
 a - a +1 long sword (weapon)
Armour
 b - a +0 scale mail (worn)
 c - a +0 kite shield (worn)
 g - a +0 plate armour
Jewellery
 l - an uncursed amulet of faith
Scrolls
 e - a scroll of enchant armour {unknown}
 h - 2 scrolls of identify
 k - a scroll of magic mapping {unknown}
 m - a scroll of remove curse
Potions
 d - a potion of might
 f - 3 potions of curing
 i - a potion of mutation
 j - a potion of heal wounds {unknown}


   Skills:
 + Level 3.6 Fighting
 * Level 2.5 Long Blades
 * Level 3.9 Armour
 * Level 4.0 Shields


You had 3 spell levels left.
You didn't know any spells.
Your spell library was empty.

Dungeon Overview and Level Annotations

Branches:
Dungeon (2/15)

Altars:
Makhleb


Innate Abilities, Weirdness & Mutations

You are resistant to torment.
Your stone body is resilient. (AC +3)
You are immune to poison.
You resist negative energy. (rN+)
You are resistant to electric shocks. (rElec)
You can survive without breathing.
You are immune to petrification.
You are immune to miasma.


Message History

The orc wizard moves out of view.
An orc comes into view. It is wielding a +0 whip.
The orc wizard shouts!
The orc shouts!
An orc priest comes into view. It is wielding a +0 dagger.
There is an open door here.
An orc priest comes into view. It is wielding a +0 club.
You feel very mighty all of a sudden.
The orc priest calls down the wrath of Beogh upon you.
Beogh smites you!
Ouch! That really hurt!
You completely miss the orc wizard.
The orc wizard hits you but does no damage.
The orc priest mumbles some strange prayers to Beogh against you.
Beogh smites you!
* * * LOW HITPOINT WARNING * * *
You barely miss the orc wizard.
The orc wizard hits you but does no damage.
The orc priest invokes the aid of Beogh against you.
Beogh smites you!
You die...

#...#####.###########.....#
##### #.# #.......# #.#
#.......# ##'## #.......#
##...## #.......# ####
##)....## #.......#
...###......<## ##.......#
....#.........####o..)....#
..............'.@oo...........
...)..........####oo......####
.....#.......## ##.......#
....###.....## #.......# ...##
##...## ##.....## ..## ##'##
##...## .## #.######## #)## .#
#........# .# .#####
##.###.##'##


You could see 2 orc priests, 2 orc wizards and an orc.

Vanquished Creatures
  A crimson imp (D:2)
  2 dart slugs
  A giant cockroach (D:1)
  4 goblins
  3 hobgoblins (D:2)
  A quokka (D:2)
  A ball python (D:1)
  3 bats (D:1)
  2 frilled lizards
  4 kobolds
  3 rats
25 creatures vanquished.

Notes
Turn   | Place    | Note
-------+----------+-------------------------------------------
     0 | D:1      | timneilson the Gargoyle Fighter began the quest for the
                  | Orb.
     0 | D:1      | Reached XP level 1. HP: 14/14 MP: 1/1
   263 | D:1      | Reached XP level 2. HP: 14/19 MP: 2/2
   784 | D:2      | Found a burning altar of Makhleb.
   784 | D:2      | Noticed a crimson imp
   798 | D:2      | Killed a crimson imp
   799 | D:2      | Reached skill level 4 in Shields
   799 | D:2      | Reached XP level 3. HP: 21/23 MP: 3/3
   966 | D:2      | Reached XP level 4. HP: 28/28 MP: 4/4
  1303 | D:2      | Killed from afar by an orc priest

Illustrated notes

Levels and vault maps discovered:
D:1:      scummos_arrival_simple_fountains, layout_rooms, st_stairs_4
D:2:      layout_loops_corners, makhleb_grotto_becter,
          chequers_ecumenical_altar_lobes, chequers_serial_rivers_micro_b

Skill      XL: |  1  2 |
---------------+-------+-----
Long Blades    | 2 |  2.5
Shields        | 4 |  4.0
Fighting       | |  3.6
Armour         | |  3.9

Action                   |  1- 3 |  4- 6 || total
-------------------------+-------+-------++-------
Melee: Long sword        |    63 |    16 ||    79
  Use: Scroll            |     5 |       ||     5
       Potion            |       |     1 ||     1
Armor: Scale mail        |    30 |    10 ||    40
Dodge: Dodged            |    23 |     3 ||    26
Block: Kite shield       |    35 |     4 ||    39
       Rpst.: Long sword |     7 |     1 ||     8

Table legend: (Time is in decaauts)
 A = Elapsed time spent in this place.
 B = Non-inter-level travel time spent in this place.
 C = Inter-level travel time spent in this place.
 D = Time resting spent in this place.
 E = Time spent auto-exploring this place.
 F = Levels seen in this place.
 G = Mean time per level.
                   A        B        C        D        E       F      G
               +--------+--------+--------+--------+--------+-----+--------+
         Total |   1333 |   1326 |      7 |      0 |   1113 |   2 |  666.5 |
       Dungeon |   1333 |   1326 |      7 |      0 |   1113 |   2 |  666.5 |
               +--------+--------+--------+--------+--------+-----+--------+

Top non-repeatable levels by time:
     D:2: 730 daAuts
     D:1: 603 daAuts
